 Dungeon Crawl Stone Soup version 0.30-a0-696-g2367cd04db (webtiles) character file.

Game seed: 4001602458272515222

18 bmack86 the Shield-Bearer (level 2, 0/27 HPs)
             Began as a Minotaur Fighter on Jan 20, 2023.
             Succumbed to a kobold's poison
             ... on level 1 of the Dungeon.
             The game lasted 00:01:03 (456 turns).

bmack86 the Shield-Bearer (Minotaur Fighter)         Turns: 456, Time: 00:01:03

Health: 0/27       AC:  7    Str: 20    XL:     2   Next: 51%
Magic:  1/1        EV:  9    Int:  5    God:
Gold:   18         SH:  4    Dex:  9    Spells: 1/1 levels left

rFire   . . .      SeeInvis .    a - +0 war axe
rCold   . . .      Faith    .    c - +0 buckler
rNeg    . . .      Spirit   .    b - +0 scale mail
rPois   .          Reflect  .    (helmet restricted)
rElec   .          Harm     .    (no cloak)
rCorr   .          Rampage  .    (no gloves)
Will    .....                    (no boots) Stlth
                                 (no amulet)
HPRegen 0.24/turn                (no ring)
MPRegen 0.07/turn                (no ring)

@: lethally poisoned (0 -> -7)
A: horns 2, retaliatory headbutt
a: no special abilities


You were on level 1 of the Dungeon.
You visited 1 branch of the dungeon, and saw 1 of its levels.

You collected 18 gold pieces.

Inventory:

Hand Weapons
 a - a +0 war axe (weapon)
Armour
 b - a +0 scale mail (worn)
 c - a +0 buckler (worn)
Scrolls
 e - a scroll of vulnerability {unknown}
 g - a scroll of identify {unknown}
 h - a scroll of immolation {unknown}
Potions
 d - 2 potions of might
 f - 2 potions of curing {unknown}


   Skills:
 + Level 3.9 Fighting
 * Level 3.1 Axes
 + Level 3.9 Armour
 + Level 3.9 Shields


You had one spell level left.
You didn't know any spells.
Your spell library was empty.

Dungeon Overview and Level Annotations

Branches:
Dungeon (1/15)

Altars:


Innate Abilities, Weirdness & Mutations

You have a pair of horns on your head.
You reflexively headbutt those who attack you in melee.


Message History

You see here a +0 trident.
A kobold comes into view. It is wielding a +2 dagger of venom.
Found 19 gold pieces.
The kobold shouts!
A bat comes into view.
A kobold comes into view. It is wielding a +0 club.
Found a fuming pink potion and a club.
The kobold shouts!
The kobold throws a stone.
The stone barely misses you. The bat closely misses you.
The kobold throws a stone.
The stone barely misses you.
You closely miss the bat. The bat closely misses you. The bat hits you.
You barely miss the kobold. Your headbutt misses the kobold.
You closely miss the bat. The bat hits you but does no damage.
The kobold hits you but does no damage.
You are poisoned.
The kobold throws a stone.
The stone closely misses you. The kobold hits you but does no damage.
You are more poisoned.
You closely miss the kobold. You hit the bat.
You kill the bat!
You feel very sick.
The kobold hits you with a +2 dagger of venom.
You are lethally poisoned!
You closely miss the kobold. You headbutt the kobold.
You kill the kobold!
You feel extremely sick.
The kobold throws a stone.
The stone closely misses you.
You feel very sick.
The kobold throws a stone.
The stone hits you but does no damage.
* * * LOW HITPOINT WARNING * * *
You feel very sick. The kobold hits you but does no damage.
You barely miss the kobold.
* * * LOW HITPOINT WARNING * * *
You feel very sick. The kobold barely misses you. x2
You hit the kobold. You headbutt the kobold.
You kill the kobold!
You die...

#...#
####...#.#
#...#
##....#.#.#
###...#
##..####.#.#
.....####..##
#.#.#
###.......##
#.#.#
#....######
#.#.# ..#.##
#.#.# ....#
#####.#.####
#####
#...)@.....#
.<#
#......)...#
''###
#.........$#
....#
#..........#
§≈≈.#
#!...$.....#
≈≈≈.#
#..........#
§§..#
#.....)....#
''###
#..........#
..#


There were no monsters in sight!

Vanquished Creatures
  2 bats (D:1)
  3 endoplasms (D:1)
  A giant cockroach (D:1)
  4 goblins (D:1)
  4 kobolds (D:1)
  A quokka (D:1)
  2 ball pythons (D:1)
  A rat (D:1)
18 creatures vanquished.

Notes
Turn   | Place    | Note
-------+----------+-------------------------------------------
     0 | D:1      | bmack86 the Minotaur Fighter began the quest for the Orb.
     0 | D:1      | Reached XP level 1. HP: 19/19 MP: 0/0
   219 | D:1      | Reached XP level 2. HP: 27/27 MP: 1/1
   456 | D:1      | Succumbed to a kobold's poison

Illustrated notes

Levels and vault maps discovered:
D:1:      lightli_arrival_lavapool, layout_rooms, minivault_5

Skill      XL: |  1  2 |
---------------+-------+-----
Axes           | 3 |  3.1
Fighting       | |  3.9
Armour         | |  3.9
Shields        | |  3.9

Action                   || total
-------------------------++-------
Melee: War axe           ||    30
       Headbutt          ||     4
Armor: Scale mail        ||    16
Dodge: Dodged            ||    25
Block: Buckler           ||     4

Table legend: (Time is in decaauts)
 A = Elapsed time spent in this place.
 B = Non-inter-level travel time spent in this place.
 C = Inter-level travel time spent in this place.
 D = Time resting spent in this place.
 E = Time spent auto-exploring this place.
 F = Levels seen in this place.
 G = Mean time per level.
                   A        B        C        D        E       F      G
               +--------+--------+--------+--------+--------+-----+--------+
         Total |    467 |    467 |      0 |     40 |    256 |   1 |  467.0 |
       Dungeon |    467 |    467 |      0 |     40 |    256 |   1 |  467.0 |
               +--------+--------+--------+--------+--------+-----+--------+

Top non-repeatable levels by time:
     D:1: 467 daAuts
